 Dungeon Crawl Stone Soup version 0.30-a0-1160-g6e42c06551 (webtiles) character file.

Game seed: 5672176248141356394

198 Mgcat the Sneak (level 5, -9/48 HPs)
             Began as an Armataur Brigand on Apr 26, 2023.
             Was a Believer of Sif Muna.
             Mangled by a sleepcap (18 damage)
             ... on level 4 of the Dungeon.
             The game lasted 00:03:56 (2360 turns).

Mgcat the Sneak (Armataur Brigand)                  Turns: 2360, Time: 00:03:56

Health: -9/48      AC: 13    Str: 18    XL:     5   Next: 47%
Magic:  5/5        EV:  1    Int: 11    God:    Sif Muna [**....]
Gold:   280        SH:  0    Dex: 12    Spells: 4/4 levels left

rFire   . . .        a - +2 dagger
rCold   . . .        (no shield)
rNeg    . . .        i - +0 scale mail
rPois   .            q - +0 helmet
rElec   .            c - +0 cloak
rCorr   .            (no gloves)
SInv    .            (no barding)
Will    .....        (no amulet)
Stlth   +            p - +4 ring of protection
HPRegen 0.28/turn    (no ring)
MPRegen 0.09/turn

%: roll
@: sleeping
A: large, rugged brown scales 3, deformed body, armoured tail, roll, long
tongue, awkward tongue
a: Renounce Religion, Channel Magic


You were on level 4 of the Dungeon.
You worshipped Sif Muna.
Sif Muna was pleased with you.
You visited 1 branch of the dungeon, and saw 4 of its levels.

You collected 280 gold pieces.

Inventory:

Hand Weapons
 a - a +2 dagger (weapon)
Missiles
 d - 12 poisoned darts
 e - 3 curare-tipped darts
Armour
 c - a +0 cloak (worn)
 i - a +0 scale mail (worn)
   (You found it on level 1 of the Dungeon)
 q - a +0 helmet (worn)
   (You found it on level 2 of the Dungeon)
Magical Staves
 m - a staff of cold {rC+}
   (You found it on level 1 of the Dungeon)
Jewellery
 p - a +4 ring of protection (left hand)
   (You found it on level 2 of the Dungeon)
Scrolls
 f - a scroll of immolation {unknown}
 g - 5 scrolls of identify {unknown}
 h - a scroll of blinking {unknown}
 j - 2 scrolls of teleportation {unknown}
 l - 2 scrolls of brand weapon {unknown}
 n - 2 scrolls of noise {unknown}
 u - 2 scrolls of amnesia {unknown}
 v - a scroll of vulnerability {unknown}
 w - a scroll of fear {unknown}
 x - a scroll of fog {unknown}
Potions
 b - 2 potions of ambrosia {unknown}
 k - 2 potions of resistance {unknown}
 o - 2 potions of curing {unknown}
 r - a potion of degeneration {unknown}
 s - a potion of mutation {unknown}
 t - a potion of magic {unknown}


   Skills:
 + Level 3.3 Fighting
 - Level 1.7(2.4) Short Blades
 + Level 2.5(2.8) Long Blades
 - Level 1.7 Throwing
 + Level 3.6 Armour
 - Level 0.6 Dodging
 - Level 4.3 Stealth


You had 4 spell levels left.
You didn't know any spells.
Your spell library contained the following spells:

 Spells                   Type           Power      Damage    Failure   Level
 Sandblast                Erth           0%         2d4       73%         1
 Passwall                 Tmut/Erth      0%         N/A       86%         2
 Poisonous Vapours        Pois/Air       0%         N/A       86%         2
 Gell's Gravitas          Tloc           0%         N/A       97%         3
 Mephitic Cloud           Conj/Pois/Air  0%         N/A       97%         3
 Stone Arrow              Conj/Erth      0%         3d7       97%         3
 Teleport Other           Tloc           0%         N/A       97%         3
 Freezing Cloud           Conj/Ice/Air   0%         6-21      100%        5
 Dispersal                Tloc           0%         N/A       100%        6


Dungeon Overview and Level Annotations

Branches:
Dungeon (4/15)
 Temple: D:4-7

Altars:
Sif Muna


Innate Abilities, Weirdness & Mutations

You are completely covered in rugged brown scales. (AC +3, +7% HP)
Armour fits poorly on your strangely shaped body.
You have a long armoured tail.
You roll when moving toward enemies. (Rampage)
Your long tongue fully drains potion bottles. (2x potion effects)
Your tongue gives you trouble enunciating. (1.5x scroll delay)


Message History

Sif Muna accepts your kill.
You hit the sleepcap but do no damage.
You tail-slap the sleepcap, but do no damage.
The kobold throws a stone.
The stone hits you but does no damage.
The sleepcap releases spores at you but does no damage.
You hit the sleepcap but do no damage.
The sleepcap releases spores at you but does no damage.
You hit the sleepcap.
The sleepcap is lightly damaged.
The sleepcap releases spores at you but does no damage.
You hit the sleepcap but do no damage.
The sleepcap is lightly damaged.
The kobold hits you but does no damage. The sleepcap releases spores at you.
You take 4 damage, and have 44/48 hp.
You hit the sleepcap.
The sleepcap is lightly damaged.
The kobold hits you but does no damage. The sleepcap releases spores at you.
You are engulfed in a cloud of soporific spores!
You fall asleep.
The kobold hits you with a +0 short sword.
You wake up.
The sleepcap closely misses you.
You take 4 damage, and have 40/48 hp.
You hit the sleepcap but do no damage.
The sleepcap is lightly damaged.
Unknown command.
You hit the sleepcap but do no damage. You tail-slap the sleepcap.
The sleepcap is moderately damaged.
The kobold hits you with a +0 short sword.
The sleepcap releases spores at you.
You take 5 damage, and have 35/48 hp.
Unknown command.
You are too injured to fight recklessly!
Unknown command.
You are too injured to fight recklessly!
Unknown command.
You are too injured to fight recklessly!
You are too injured to fight recklessly!
Unknown command.
You are too injured to fight recklessly!
You closely miss the kobold.
Your tail-slap misses the kobold.
The kobold hits you but does no damage. The sleepcap barely misses you.
You barely miss the kobold. The kobold hits you but does no damage.
The sleepcap releases spores at you but does no damage.
You hit the kobold but do no damage.
The kobold hits you with a +0 short sword.
The sleepcap releases spores at you.
You take 5 damage, and have 31/48 hp.
You hit the kobold.
You kill the kobold!
Sif Muna accepts your kill. The sleepcap releases spores at you.
You take 2 damage, and have 29/48 hp.
A sleepcap comes into view.
The sleepcap barely misses you.
Things that are here:
a +0 short sword; 5 stones You hit the sleepcap.
The sleepcap is moderately damaged.
The sleepcap releases spores at you but does no damage.
You hit the sleepcap.
The sleepcap is heavily damaged.
The sleepcap releases spores at you.
You take 1 damage, and have 29/48 hp.
You hit the sleepcap.
The sleepcap is severely damaged.
You hit the sleepcap.
The sleepcap is severely damaged.
The sleepcap releases spores at you.
You are engulfed in a cloud of soporific spores!
You fall asleep.
The sleepcap releases spores at you!
You wake up.
You take 11 damage, and have 18/48 hp.
MASSIVE DAMAGE!!
Unknown command.
Unknown command.
Unknown command.
You hit the sleepcap but do no damage.
The sleepcap is severely damaged.
The sleepcap releases spores at you but does no damage.
The sleepcap releases spores at you.
* * * LOW HITPOINT WARNING * * *
You take 5 damage, and have 13/48 hp.
You hit the sleepcap but do no damage. You tail-slap the sleepcap!
You destroy the sleepcap!
Sif Muna accepts your kill. The sleepcap barely misses you.
The sleepcap releases spores at you.
* * * LOW HITPOINT WARNING * * *
You take 3 damage, and have 10/48 hp.
Unknown command.
You hit the sleepcap. You tail-slap the sleepcap!
The sleepcap is moderately damaged.
The sleepcap closely misses you.
You hit the sleepcap but do no damage.
The sleepcap is moderately damaged.
The sleepcap releases spores at you.
* * * LOW HITPOINT WARNING * * *
You are engulfed in a cloud of soporific spores!
You fall asleep.
The sleepcap releases spores at you!!
You die...

#.....####.#
####...###.# #
#.......# ######
###.....# #...#.
#########.# #...#.
#..#....#.# #...#. #.
#..#.##.#.# #...#.
#...###..#.##.#.#
#.....
#.....f@...##...#
#....# #
#...###).########
#...## # # ###†.#
....####'### #
....###.##.##...... #
..##..##...#.........
# ...
..#..#.###......... #
..
#.##....###.#######
## .
#.##....##[..#...# †#
#.##.##..#...#.#.##


You could see a sleepcap.

Vanquished Creatures
  A sleepcap (D:4)
  An iguana (D:3)
  An orc wizard (D:3)
  4 adders
  2 worms
  3 dart slugs
  4 orcs
  6 ball pythons
  3 endoplasms
  2 giant cockroaches (D:3)
  5 hobgoblins
  9 jackals (D:1)
  6 kobolds
  3 quokkas
  7 bats
  2 frilled lizards (D:1)
  6 goblins
  3 rats
68 creatures vanquished.

Notes
Turn   | Place    | Note
-------+----------+-------------------------------------------
     0 | D:1      | Mgcat the Armataur Brigand began the quest for the Orb.
     0 | D:1      | Reached XP level 1. HP: 18/18 MP: 1/1
    82 | D:1      | Reached skill level 2 in Fighting
    82 | D:1      | Reached skill level 1 in Armour
   131 | D:1      | Reached XP level 2. HP: 25/25 MP: 2/2
   475 | D:1      | Reached skill level 1 in Long Blades
   841 | D:2      | Reached XP level 3. HP: 26/31 MP: 3/3
   879 | D:2      | Reached skill level 2 in Armour
  1092 | D:2      | Found a faded altar of an unknown god.
  1098 | D:2      | Prayed at the altar of an unknown god.
  1098 | D:2      | Became a worshipper of Sif Muna the Loreminder
  1098 | D:2      | Reached * piety under Sif Muna
  1555 | D:3      | Reached XP level 4. HP: 25/39 MP: 4/4
  1747 | D:3      | Reached skill level 2 in Long Blades
  1776 | D:3      | Reached skill level 3 in Fighting
  1776 | D:3      | Reached skill level 3 in Armour
  1888 | D:3      | Reached XP level 5. HP: 48/48 MP: 5/5
  2165 | D:4      | Reached ** piety under Sif Muna
  2357 | D:4      | HP: 10/48 [sleepcap (4)]
  2360 | D:4      | Mangled by a sleepcap

Illustrated notes

Levels and vault maps discovered:
D:1:      saegor_arrival_fortress, layout_loops_ring, chequers_mini_garden,
          amcnicky_mini_rare_corridor_liquid, nrook_mini_vaults
D:2:      layout_loops_ring, chequers_ecumenical_altar_grove
D:3:      layout_rooms
D:4:      layout_basic, minmay_temple_entry_offerings

Skill      XL: |  1  2  3  4 |
---------------+-------------+-----
Fighting       | 2 3 |  3.3
Armour         | 1 2 3 |  3.6
Long Blades    | 1 2 |  2.5
Short Blades   | |  1.7
Throwing       | |  1.7
Dodging        | |  0.6
Stealth        | |  4.3

Action                     |  1- 3 |  4- 6 || total
---------------------------+-------+-------++-------
  Melee: Dagger            |   137 |   129 ||   266
         Tailslap          |    16 |    13 ||    29
         Punch             |     1 |       ||     1
   Stab: Sleeping          |     6 |     2 ||     8
 Armour: Robe              |    22 |       ||    22
         Scale mail        |    54 |   109 ||   163
  Dodge: Dodged            |    40 |    43 ||    83

Table legend: (Time is in decaauts)
 A = Elapsed time spent in this place.
 B = Non-inter-level travel time spent in this place.
 C = Inter-level travel time spent in this place.
 D = Time resting spent in this place.
 E = Time spent auto-exploring this place.
 F = Levels seen in this place.
 G = Mean time per level.
                   A        B        C        D        E       F      G
               +--------+--------+--------+--------+--------+-----+--------+
         Total |   2330 |   2252 |     78 |     48 |   1738 |   4 |  582.5 |
       Dungeon |   2330 |   2252 |     78 |     48 |   1738 |   4 |  582.5 |
               +--------+--------+--------+--------+--------+-----+--------+

Top non-repeatable levels by time:
     D:1: 763 daAuts
     D:2: 737 daAuts
     D:3: 582 daAuts
     D:4: 247 daAuts

Levels and vault maps discovered:
D:1:      saegor_arrival_fortress, layout_loops_ring, chequers_mini_garden,
          amcnicky_mini_rare_corridor_liquid, nrook_mini_vaults
D:2:      layout_loops_ring, chequers_ecumenical_altar_grove
D:3:      layout_rooms
D:4:      layout_basic, minmay_temple_entry_offerings

Table legend: (Time is in decaauts)
 A = Elapsed time spent in this place.
 B = Non-inter-level travel time spent in this place.
 C = Inter-level travel time spent in this place.
 D = Time resting spent in this place.
 E = Time spent auto-exploring this place.
 F = Levels seen in this place.
 G = Mean time per level.
                   A        B        C        D        E       F      G
               +--------+--------+--------+--------+--------+-----+--------+
         Total |   2330 |   2252 |     78 |     48 |   1738 |   4 |  582.5 |
       Dungeon |   2330 |   2252 |     78 |     48 |   1738 |   4 |  582.5 |
               +--------+--------+--------+--------+--------+-----+--------+

Top non-repeatable levels by time:
     D:1: 763 daAuts
     D:2: 737 daAuts
     D:3: 582 daAuts
     D:4: 247 daAuts

Table legend:
 A = Kills in this place as a percentage of kills in the entire game.
 B = Kills by you in this place as a percentage of kills by you in the entire game.
 C = Kills by friends in this place as a percentage of kills by friends in the entire game.
 D = Other kills in this place as a percentage of other kills in the entire game.
 E = Experience gained in this place as a percentage of experience gained in the entire game.
 F = Experience gained in this place divided by the number of levels of this place that you have seen.
                   A       B       C       D       E      F
               +-------+-------+-------+-------+-------+----------------------
         Total | 100.0 | 100.0 |   N/A |   N/A | 100.0 |  70.8
       Dungeon | 100.0 | 100.0 |   N/A |   N/A | 100.0 |  70.8
               +-------+-------+-------+-------+-------+----------------------
